 Dungeon Crawl Stone Soup version 0.28-a0-1152-g9c71ebef14 (webtiles) character file.

Game seed: 3761006000805593063

43 spaghetti the Sneak (level 3, 0/26 HPs)
             Began as an Octopode Delver on Dec 14, 2021.
             Slain by an ogre (26 damage)
             ... on level 4 of the Dungeon.
             The game lasted 00:00:56 (388 turns).

spaghetti the Sneak (Octopode Delver)                Turns: 388, Time: 00:00:56

Health: 0/26       AC:  1    Str: 11    XL:     3   Next: 58%
Magic:  3/3        EV: 13    Int: 14    God:
Gold:   42         SH:  4    Dex: 13    Spells: 2/2 levels left

rFire   . . .      SeeInvis .   i - +3 dagger {short}
rCold   . . .      Faith    .   h - +0 buckler
rNeg    . . .      Spirit   .   (helmet restricted)
rPois   .          Reflect  .   (no amulet)
rElec   .          Harm     .   (no ring)
rCorr   .          Rampage  .   (no ring)
Will    .....                   (no ring)
Stlth   ++++......              (no ring)
HPRegen 0.08/turn               (no ring)
MPRegen 0.08/turn               (no ring)
                                (no ring)
                                (no ring)

@: no status effects
A: almost no armour, amphibious, 8 rings, camouflage 1, gelatinous body 1,
(nimble swimmer 1), tentacles
a: no special abilities


You were on level 4 of the Dungeon.
You visited 1 branch of the dungeon, and saw 2 of its levels.

You collected 42 gold pieces.


Innate Abilities, Weirdness & Mutations

You cannot wear most types of armour.
You are amphibious.
You can wear up to eight rings at the same time.
Your skin changes colour to match your surroundings (Stealth+).
Your rubbery body absorbs attacks. (AC +1, EV +1)
((You are camouflaged near water. (Stealth+)))
You have tentacles for arms and can constrict up to eight enemies at once.


   Skills:
 - Level 3.1 Fighting
 - Level 2.0 Axes
 - Level 2.0 Dodging
 - Level 6.6 Stealth
 + Level 3.0 Shields


You had 2 spell levels left.
You didn't know any spells.
Your spell library was empty.

Inventory:

Hand Weapons
 a - a +0 hand axe {axe}
 i - a +3 dagger (weapon) {short}
   (You found it on level 4 of the Dungeon)
Missiles
 g - 13 arrows
 j - 18 stones (quivered) {throwing}
Armour
 h - a +0 buckler (worn)
   (You found it on level 4 of the Dungeon)
Wands
 f - a wand of digging (3)
Scrolls
 b - a scroll of fog
 c - a scroll of magic mapping {!r}
 d - a scroll of fear
Potions
 e - a potion of haste {@q3}

Dungeon Overview and Level Annotations

Branches:
Dungeon (5/15)
 Temple: D:4-7

Altars:

Annotations:
D:5 1 transporter

#... #.... #... ##.#.#
.## #... #........
###...## ##..#....#
.......... #.....#..#
...........
#....#..#... ........
#...O......# #.......
####...@.......
#.#...#.
.........###.##
#.#...#. ##..##...###.#
#.#...#. #. #....โ€ ..#
#.....รท.
##..##########...##
..###........# ##.##
...........)..####...#
..######..###..#...#.##
#..# #....).#...


You could see an ogre.


Message History

You start waiting.
An orc wizard comes into view. It is wielding a +0 dagger.
An orc wizard is nearby!
The orc wizard shouts!
You start waiting.
An orc wizard is nearby!
An orc wizard is nearby!
The orc wizard gestures at you while chanting.
You resist with significant effort.
You completely miss the orc wizard. Your grab misses the orc wizard.
You block the orc wizard's attack.
You miss the orc wizard. Your grab misses the orc wizard.
Your squeeze misses the orc wizard.
The orc wizard hits you with a +0 dagger. ๐Ÿ˜• HP[-4]
You take 4 damage, and now have 17/21 hp.
You hit the orc wizard. You grab the orc wizard. You constrict the orc wizard.
The orc wizard gestures wildly while chanting.
The orc wizard flickers and vanishes!
Deactivating autopickup; reactivate with Ctrl-A.
You barely miss something. You constrict something.
You hear some strange, mumbled words.
Something tries to affect you, but you resist.
Okay, then.
You closely miss something. You squeeze something. You constrict something.
Something hits you.
Something hits you but does no damage. ๐Ÿ˜ฎ HP[-5]
You take 5 damage, and now have 12/21 hp.
MASSIVE DAMAGE!! (PAUSE) Unknown command.
Unknown command.
Okay, then.
Okay, then.
Sorry, you're not good enough to have a special ability.
Unknown command.
Okay, then.
Okay, then.
You hit something. You constrict something. Something hits you. ๐Ÿ˜ฎ HP[-1]
You take 1 damage, and now have 11/21 hp.
You closely miss something. You constrict something.
Something barely misses you.
You hit something.
Reactivating autopickup.
You feel a bit more experienced.
Your Shields skill increases to level 2!
You have reached level 3!
Your experience leads to an increase in your attributes!
Increase (S)trength, (I)ntelligence, or (D)exterity?
You feel clever. x2 ๐Ÿ˜ฎ HP[+3] MP[+1]
You now have 26 max hp (+5).
You regained 3 hp, and now have 14/26 hp.
Your mp is fully restored (3).
You start resting. ๐Ÿ˜Ž HP[+12]
Your hp is fully restored (26).
Things that are here:
a +0 dagger {short}; a +0 robe; an orc corpse
Things that are here:
a +0 short sword {short}; a +0 leather armour; an orc corpse
j - 18 stones {throwing}
Found an escape hatch in the floor.
Things that are here:
a +0 mace {mace}; an orc skeleton An orc comes into view.
It is wielding a +0 hand axe.
An orc is nearby!
You hit the orc. Your grab misses the orc.
The orc hits you with a +0 hand axe. ๐Ÿ˜• HP[-4]
You take 4 damage, and now have 22/26 hp.
You hit the orc. Your grab misses the orc.
You squeeze the orc, but do no damage. The orc closely misses you.
You hit the orc but do no damage. You grab the orc. You squeeze the orc.
You kill the orc!
No target in view!
No target in view!
No target in view!
No target in view!
No target in view!
No target in view!
No target in view!
No target in view!
No target in view!
No target in view!
No target in view!
Things that are here:
a +0 hand axe {axe}; a +0 leather armour; an orc corpse ๐Ÿ˜Ž HP[+4]
Your hp is fully restored (26).
An adder and an ogre come into view.
There are monsters nearby!
The helpless adder fails to defend itself.
You impale the adder!!
You kill the adder!
Your Shields skill increases to level 3!
The ogre shouts!
You barely miss the ogre. Your squeeze misses the ogre.
The ogre hits you with a +0 giant club!!
Ouch! That really hurt!
You die...

Skill      XL: |  1  2  3 |
---------------+----------+-----
Shields        | 1 2 3 |  3.0
Fighting       | |  3.1
Axes           | |  2.0
Dodging        | |  2.0
Stealth        | |  6.6

Action                   || total
-------------------------++-------
Melee: Hand axe          ||     7
       Dagger            ||    17
       Constrict         ||     5
       Tentacles         ||     5
  Use: Potion            ||     1
 Stab: Sleeping          ||     2
Armor: Skin              ||     2
Dodge: Dodged            ||     5
Block: Buckler           ||     2

Levels and vault maps discovered:
D:4:      layout_loops_cross, nicolae_hepliaklqana_hippocampus
D:5:      layout_basic, lemuel_tele_altar, mainiacjoe_overflow_brackets,
          minmay_temple_entry_nine_rooms, gammafunk_ghost_stat_death

Notes
Turn   | Place    | Note
-------+----------+-------------------------------------------
     0 | D:5      | spaghetti the Octopode Delver began the quest for the Orb.
     0 | D:5      | Reached XP level 1. HP: 16/16 MP: 1/1
     0 | D:5      | magus.rc [v1.9.6]
     4 | D:5      | Noticed an iguana
    10 | D:5      | Found a transporter.
   107 | D:4      | Reached skill level 1 in Shields
   126 | D:4      | Reached XP level 2. HP: 21/21 MP: 2/2
   145 | D:4      | Reached skill level 2 in Shields
   145 | D:4      | Reached XP level 3. HP: 14/26 MP: 3/3
   381 | D:4      | Noticed an ogre
   385 | D:4      | Reached skill level 3 in Shields
   388 | D:4      | Slain by an ogre

Vanquished Creatures
  An orc wizard (D:4)
  An adder (D:4)
  3 orcs (D:4)
  A ball python (D:4)
  An endoplasm (D:4)
7 creatures vanquished.

Table legend:
 A = Non-vault XP
 B = Vault XP
 C = Vault XP percentage of total XP
 D = Non-vault monster count
 E = Vault monster count
 F = Vault count percentage of total count
                 A         B        C        D         E       F
            +---------+---------+-------+---------+---------+-------
      Total |      62 |       0 |   0.0 |       7 |       0 |   0.0
            +---------+---------+-------+---------+---------+-------
        D:4 |      62 |       0 |   0.0 |       7 |       0 |   0.0
            +---------+---------+-------+---------+---------+-------

Illustrated notes

Table legend:
 A = Kills in this place as a percentage of kills in entire the game.
 B = Kills by you in this place as a percentage of kills by you in the entire game.
 C = Kills by friends in this place as a percentage of kills by friends in the entire game.
 D = Other kills in this place as a percentage of other kills in the entire game.
 E = Experience gained in this place as a percentage of experience gained in the entire game.
 F = Experience gained in this place divided by the number of levels of this place that you have seen.
                   A       B       C       D       E      F
               +-------+-------+-------+-------+-------+----------------------
         Total | 100.0 | 100.0 |   N/A |   N/A | 100.0 |  31.0
       Dungeon | 100.0 | 100.0 |   N/A |   N/A | 100.0 |  31.0
               +-------+-------+-------+-------+-------+----------------------

Table legend: (Time is in decaauts)
 A = Elapsed time spent in this place.
 B = Non-inter-level travel time spent in this place.
 C = Inter-level travel time spent in this place.
 D = Time resting spent in this place.
 E = Time spent auto-exploring this place.
 F = Levels seen in this place.
 G = Mean time per level.
                   A        B        C        D        E       F      G
               +--------+--------+--------+--------+--------+-----+--------+
         Total |    390 |    390 |      0 |    190 |    105 |   2 |  195.0 |
       Dungeon |    390 |    390 |      0 |    190 |    105 |   2 |  195.0 |
               +--------+--------+--------+--------+--------+-----+--------+

Top non-repeatable levels by time:
     D:4: 376 daAuts
     D:5: 14 daAuts
